 Dungeon Crawl Stone Soup version 0.31-a0-355-g57cb03d3e8 (webtiles) character file.

Game seed: 492767023789946728

4141 NinjaNoafa the Grappler (level 10, -6/83 HPs)
             Began as a Troll Shapeshifter on July 21, 2023.
             Was a Follower of Wu Jian.
             Mangled by a sun demon (19 damage)
             ... on level 9 of the Dungeon on July 25, 2023.
             The game lasted 00:17:44 (6541 turns).

NinjaNoafa the Grappler (Troll Shapeshifter)        Turns: 6541, Time: 00:17:45

Health: -6/83      AC:  8    Str: 27    XL:     10   Next: 7%
Magic:  9/9        EV: 10    Int:  4    God:    Wu Jian [*.....]
Gold:   155        SH:  0    Dex: 12    Spells: 9/9 levels left

rFire   . .          .
                       - Unarmed
rCold   . . .        (no shield)
rNeg    . . .        a - +0 animal skin
rPois   .            (helmet currently unavailable)
rElec   .            o - melded scarf {repulsion}
rCorr   .            (gloves unavailable)
SInv    .            (boots unavailable)
Will    .....        d - amulet of faith
Stlth   +            x - +4 ring of protection
HPRegen 1.13/turn    C - ring of wizardry
MPRegen 0.11/turn

%: faith, wizardry (x1)
@: beast-form
A: beast (slay +6), large, unfitting armour, claws 3, regeneration 1, shaggy fur
1, tough skin 1
a: Begin Untransformation, Renounce Religion


You were on level 9 of the Dungeon.
You worshipped Wu Jian.
Wu Jian was aware of your devotion.
You were a hulking beast.
You visited 2 branches of the dungeon, and saw 10 of its levels.

You collected 491 gold pieces.
You spent 336 gold pieces at shops.

Inventory:

Missiles
 n - 5 boomerangs
 q - 11 poisoned darts (quivered)
 F - 2 silver boomerangs
 G - 4 datura-tipped darts
 H - 4 large rocks
Armour
 a - a +0 animal skin (worn)
 o - a scarf of repulsion (melded)
Jewellery
 d - an amulet of faith (around neck)
 x - a +4 ring of protection (left claw)
 C - a ring of wizardry (right claw)
 J - a ring of ice
 M - a ring of wizardry
Talismans
 c - a beast talisman
Wands
 K - a wand of polymorph (5)
 L - a wand of paralysis (12)
Scrolls
 f - 3 scrolls of amnesia
 h - 4 scrolls of revelation
 m - 3 scrolls of poison
 r - 3 scrolls of vulnerability
 z - 2 scrolls of teleportation
 A - 2 scrolls of enchant armour
 D - a scroll of noise
 E - a scroll of immolation {unknown}
Potions
 b - a potion of lignification
 e - 2 potions of mutation
 g - 2 potions of degeneration
 i - 2 potions of attraction
 j - 4 potions of curing
 k - a potion of invisibility
 l - a potion of berserk rage
 p - a potion of resistance
 s - a potion of haste
 t - 2 potions of might
 u - 2 potions of ambrosia {unknown}
 B - a potion of heal wounds
 I - a potion of cancellation {unknown}


   Skills:
 - Level 0.7 Fighting
 - Level 1.5 Dodging
 + Level 10.8 Unarmed Combat
 + Level 9.2 Shapeshifting


You had 9 spell levels left.
You didn't know any spells.
Your spell library contained the following spells:

 Spells                   Type           Power      Damage    Failure   Level
 Magic Dart               Conj           0%         1d3       22%         1
 Sting                    Tmut/Pois      0%         1d3       22%         1
 Blink                    Tloc           0%         N/A       32%         2
 Call Imp                 Summ           0%         N/A       32%         2
 Lesser Beckoning         Tloc           0%         N/A       32%         2
 Momentum Strike          Conj/Tloc      0%         3d8       32%         2
 Poisonous Vapours        Pois/Air       0%         N/A       32%         2
 Sublimation of Blood     Necr           0%         N/A       32%         2
 Inner Flame              Hex/Fire       0%         N/A       52%         3
 Mephitic Cloud           Conj/Pois/Air  0%         N/A       52%         3
 Ozocubu's Armour         Ice            0%         N/A       52%         3
 Flame Wave               Conj/Fire      0%         2d4       89%         4
 Olgreb's Toxic Radiance  Pois           0%         N/A       89%         4
 Petrify                  Tmut/Erth      0%         N/A       89%         4
 Sticky Flame             Conj/Fire      0%         2d3       89%         4
 Irradiate                Conj/Tmut      0%         3d11      99%         5
 Metabolic Englaciation   Hex/Ice        0%         N/A       99%         5
 Simulacrum               Ice/Necr       0%         N/A       100%        6
 Haunt                    Necr/Summ      0%         N/A       100%        7
 Borgnjor's Revivificati  Necr           0%         N/A       100%        8
 Death's Door             Necr           0%         N/A       100%        9


Dungeon Overview and Level Annotations

Branches:
Dungeon (9/15) Zot: 26801  Temple (1/1) D:6 Zot: 5968
   Lair: D:8-11         Orc: D:9-12

Altars:
Ashenzari
Cheibriados
Dithmenos
Elyvilon
Fedhas
Gozag
Hepliaklqana
Kikubaaqudgha
Makhleb
Nemelex Xobeh
Okawaru
Qazlal
Ru
Sif Muna
Uskayaw
Vehumet
Wu Jian
Xom
Yredelemnul
Zin
The Shining One

Shops:
D:1 [   D:2 !   D:7 ?:[?   D:8 ?

Annotations:
D:4 2 runed translucent doors, superbruh's ghost, amateur MfSh


Innate Abilities, Weirdness & Mutations

You are a hulking beast.
Your limbs bulge with bestial killing power. (Slay +6)
You are too large for most types of armour.
You have claws for hands.
Your natural rate of healing is unusually fast.
You are covered in fur. (AC +1)
You have tough skin. (AC +1)


Message History

Press: ? - help, Shift-Dir - straight line, f - sun demon
Aim: a sun demon (chance to affect: 7%)
Okay, then.
Aiming: Polymorph
Press: ? - help, Shift-Dir - straight line, f - sun demon
Aim: a sun demon (will become a red devil, a cacodemon, or a smoke demon, chance to affect: 7%)
Okay, then.
Aiming: Bolt of Light
Press: ? - help, Shift-Dir - straight line, f - sun demon
Aim: a sun demon (64% to hit)
The bolt of light hits the sun demon.
The sun demon is blinded.
The now-empty wand crumbles to dust.
The sun demon hits you!
You are engulfed in flames!
* * * LOW HITPOINT WARNING * * *
The sun demon hits you!
* * * LOW HITPOINT WARNING * * *
You are engulfed in flames!
* * * LOW HITPOINT WARNING * * *
You take 50 damage, and have 9/83 hp.
MASSIVE DAMAGE!!
Okay, then.
Unknown command.
Read: scroll of fear
Press: ? - help, Q - select action, (/) - cycle Dir - look around, f - activate Look: a sun demon (lightly wounded, blind, chance to affect: 64%)
Okay, then.
Unknown command.
Unknown command.
Okay, then.
Okay, then.
As you read the scroll of fear, it crumbles to dust.
You assume a fearsome visage.
The red devil looks frightened!
The sun demon resists with almost no effort.
The sun demon closely misses you.
Okay, then.
As you read the scroll of fog, it dissolves into smoke.
The sun demon hits you but does no damage.
The sun demon hits you.
* * * LOW HITPOINT WARNING * * *
You are engulfed in flames!!
You die...

#.....#.......#
#####.#.......#.#
#.#########.#
#.#########.#
#.....(.....#
#####§§§....#
#§§§§...#
#§§3§...#
#.§§h...#
#.......#
#.......#
#####.#.#
######.#...
#<.....# ###
########


You could see a sun demon (blind).

Vanquished Creatures
  Erica (D:8)
  Pikel (D:9)
  A wyvern (D:7)
  A shadow (D:9)
  3 yaks (D:9)
  A water moccasin (D:8)
  Duvessa (D:5)
  2 orc warriors (D:7)
  2 ice beasts
  A sky beast (D:7)
  A centaur (D:8)
  A lemure (D:9)
  2 phantoms
  2 kobold brigands
  3 bullfrogs
  5 scorpions
  Dowan (D:4)
  3 iron imps (D:8)
  A jelly (D:5)
  2 hounds
  2 orc priests (D:7)
  A sleepcap (D:7)
  Ijyb (D:4)
  7 iguanas
  2 orc wizards
  Robin (D:3)
  4 gnolls (D:6)
  9 adders
  A shadow imp (D:6)
  A white imp (D:6)
  An ufetubus (D:5)
  A worm (D:2)
  2 dart slugs
  19 orcs
  10 endoplasms
  4 giant cockroaches
  11 goblins
  9 hobgoblins
  13 kobolds
  5 quokkas
  5 ball pythons
  4 bats (D:1)
  A frilled lizard (D:1)
  2 rats
151 creatures vanquished.

Notes
Turn   | Place    | Note
-------+----------+-------------------------------------------
     0 | D:1      | NinjaNoafa the Troll Shapeshifter began the quest for the
                  | Orb.
     0 | D:1      | Reached XP level 1. HP: 18/18 MP: 0/0
   130 | D:1      | Reached XP level 2. HP: 26/26 MP: 1/1
   450 | D:1      | Found Agoy's Armour Shoppe.
   644 | D:2      | Reached XP level 3. HP: 26/32 MP: 2/2
   821 | D:2      | Reached skill level 4 in Unarmed Combat
   865 | D:2      | Found Liocarie's Distillery.
   873 | D:2      | Bought a potion of curing for 30 gold pieces
   873 | D:2      | Bought a potion of degeneration for 10 gold pieces
   873 | D:2      | Upgraded the game from 0.31-a0-344-gd109795599 to
                  | 0.31-a0-354-g827e0957a7
  1463 | D:3      | Reached XP level 4. HP: 31/40 MP: 3/3
  1561 | D:3      | Found a faded altar of an unknown god.
  1821 | D:3      | Found a faded altar of an unknown god.
  1834 | D:3      | Found a glowing silver altar of Zin.
  2109 | D:4      | Noticed a bullfrog
  2111 | D:4      | Noticed Ijyb
  2111 | D:4      | Noticed Robin
  2129 | D:4      | Killed a bullfrog
  2130 | D:4      | Reached XP level 5. HP: 39/46 MP: 4/4
  2211 | D:2      | Bought a potion of haste for 100 gold pieces
  2211 | D:2      | Bought a potion of might for 40 gold pieces
  2425 | D:4      | Found a large runed translucent door.
  2425 | D:4      | Found a large runed translucent door.
  2429 | D:4      | Noticed superbruh's ghost (amateur MfSh)
  2531 | D:3      | Killed Robin
  2570 | D:4      | Reached skill level 5 in Unarmed Combat
  2620 | D:4      | Identified the +1 ring mail of the Storm King {Fly}
  2661 | D:4      | Reached XP level 6. HP: 54/54 MP: 5/5
  2767 | D:4      | Killed Ijyb
  3250 | D:5      | Entered Level 5 of the Dungeon
  3437 | D:5      | Reached skill level 5 in Shapeshifting
  3620 | D:5      | Noticed Dowan
  3620 | D:5      | Noticed Duvessa
  3651 | D:5      | Killed Duvessa
  3652 | D:5      | Reached skill level 6 in Unarmed Combat
  3652 | D:5      | Reached XP level 7. HP: 43/61 MP: 6/6
  3656 | D:4      | Killed Dowan
  3898 | D:5      | Upgraded the game from 0.31-a0-354-g827e0957a7 to
                  | 0.31-a0-355-g57cb03d3e8
  3996 | D:6      | Found a hazy altar of Hepliaklqana.
  4127 | D:6      | Reached skill level 7 in Unarmed Combat
  4216 | D:6      | Reached XP level 8. HP: 68/68 MP: 7/7
  4266 | D:6      | Found an iron altar of Okawaru.
  4518 | D:6      | Found a staircase to the Ecumenical Temple.
  4528 | Temple   | Entered the Ecumenical Temple
  4544 | Temple   | Became a worshipper of the Wu Jian Council
  4719 | D:7      | Reached skill level 8 in Unarmed Combat
  4758 | D:7      | Found Xuduk's Magic Scroll Shop.
  4767 | D:7      | Bought a scroll of noise for 12 gold pieces
  4767 | D:7      | Bought a scroll of identify for 24 gold pieces
  4767 | D:7      | Bought a scroll of identify for 24 gold pieces
  4767 | D:7      | Bought a scroll of identify for 24 gold pieces
  4767 | D:7      | Bought a scroll of identify for 24 gold pieces
  4808 | D:7      | Bought a scroll of fear for 48 gold pieces
  5302 | D:7      | Found Cigot's Antique Armour Shop.
  5313 | D:7      | Found Daewejoipt's Book Shop.
  5344 | D:7      | Reached * piety under Wu Jian
  5365 | D:7      | Reached XP level 9. HP: 41/75 MP: 8/8
  5496 | D:7      | Reached skill level 9 in Unarmed Combat
  5512 | D:7      | Found Sypram's Magic Scroll Shop.
  5683 | D:8      | Found Tics's Magic Scroll Shoppe.
  5815 | D:8      | Noticed Erica
  5827 | D:8      | Killed Erica
  5862 | D:8      | Reached skill level 10 in Unarmed Combat
  5984 | D:8      | Found a burning altar of Makhleb.
  6348 | D:9      | Noticed Pikel
  6370 | D:9      | Killed Pikel
  6374 | D:9      | Reached XP level 10. HP: 71/83 MP: 9/9
  6410 | D:9      | Noticed a sixfirhy
  6515 | D:9      | Noticed a sun demon
  6515 | D:9      | Noticed a rust devil
  6541 | D:9      | Mangled by a sun demon

Illustrated notes

Levels and vault maps discovered:
D:1:      dpeg_arrival_simpleton_b, layout_rooms, serial_shops, shop
D:2:      minmay_alternating_diamond, layout_basic, serial_shops, shop,
          serial_bayou, serial_bayou_pond_a, serial_bayou_lagoon_a,
          serial_bayou_pond_e, serial_bayou_pond_c, serial_bayou_shore_a,
          serial_bayou_pond_c
D:3:      layout_basic, nicolae_overflow_ecumenical_swirl,
          chequers_ecumenical_altar_simple_redux, minivault_14, minmay_between
D:4:      layout_layer_cave, ebering_ghost_disaster_area, nicolae_goblin_pals
D:5:      layout_basic, uniq_duvessa
D:6:      layout_basic, kennysheep_okawaru_gauntlet, nzn_hepliaklqana_mist_gate,
          temple_fountains, nicolae_underground_beach
D:7:      layout_rooms, serial_shops, nicolae_shop_trees, shop, shop, shop
D:8:      layout_basic, demons_altar, serial_shops,
          nicolae_shop_window_shopping, dreamdust_deal_with_the_devil,
          uniq_erica
D:9:      layout_basic, minmay_orc_entry_temple_small, serial_demonic,
          serial_demonic_b, serial_demonic_f, serial_demonic_d,
          serial_demonic_b, serial_demonic_c, serial_demonic_e,
          chequers_serial_rivers_micro_c, dreamdust_princess_bridge, uniq_pikel
Temple:   bh_familiar_temple

Skill      XL: |  1  2  3  4  5  6  7  8  9 |
---------------+----------------------------+-----
Unarmed Combat | 4 5 6 7 8 10 | 10.8
Shapeshifting  | 4 5 6 7 9 |  9.2
Fighting       | |  0.7
Dodging        | |  1.5

Action                     |  1- 3 |  4- 6 |  7- 9 | 10-12 || total
---------------------------+-------+-------+-------+-------++-------
  Melee: Unarmed           |    91 |   121 |   178 |     2 ||   392
         Punch             |     1 |     3 |     8 |       ||    12
Ability: Lunge             |       |       |    12 |       ||    12
         Whirlwind         |       |       |     4 |       ||     4
  Evoke: Wand              |       |       |     4 |     1 ||     5
    Use: Scroll            |       |       |    14 |     3 ||    17
   Stab: Sleeping          |     1 |       |       |       ||     1
 Armour: Animal skin       |    48 |    31 |    47 |     1 ||   127
  Dodge: Dodged            |    45 |    59 |    66 |     2 ||   172
         Form:             |     2 |     2 |     1 |       ||     5
         Beast             |     2 |     1 |     1 |       ||     4

Table legend: (Time is in decaauts)
 A = Elapsed time spent in this place.
 B = Non-inter-level travel time spent in this place.
 C = Inter-level travel time spent in this place.
 D = Time resting spent in this place.
 E = Time spent auto-exploring this place.
 F = Levels seen in this place.
 G = Mean time per level.
                   A        B        C        D        E       F      G
               +--------+--------+--------+--------+--------+-----+--------+
         Total |   6505 |   5988 |    517 |     31 |   4515 |  10 |  650.5 |
       Dungeon |   6473 |   5986 |    487 |     31 |   4515 |   9 |  719.2 |
        Temple |     31 |      1 |     30 |      0 |      0 |   1 |   31.0 |
               +--------+--------+--------+--------+--------+-----+--------+

Top non-repeatable levels by time:
     D:4: 1053 daAuts
     D:6: 879 daAuts
     D:2: 826 daAuts
     D:8: 771 daAuts
     D:7: 752 daAuts
     D:3: 746 daAuts
     D:5: 643 daAuts
     D:1: 637 daAuts
     D:9: 163 daAuts
  Temple: 31 daAuts
